 Dungeon Sprint DCSS version 0.24.0-1-gfbc8707 (webtiles) character file.

Game seed: 13123900339793347856, levelgen mode: deterministic

212 Fang the Skirmisher (level 5, -5/57 HPs)
             Began as a Gargoyle Berserker on Nov 1, 2019.
             Was a Believer of Trog.
             Slain by a fire bat (shapeshifter) (8 damage)
             ... in the Dungeon (Sprint V: "Ziggurat Sprint") on Nov 4, 2019.
             The game lasted 00:01:34 (227 turns).

Fang the Skirmisher (Gargoyle Berserker)             Turns: 227, Time: 00:01:34

Health: -5/57      AC: 32    Str: 38    XL:     5   Next: 90%
Magic:  5/5        EV:  2    Int:  8    God:    Trog [**....]
Gold:   0          SH: 27    Dex:  9    Spells: 4/4 levels left

rFire    . . .     SeeInvis .   a - +5 broad axe
rCold    . . .     Gourm    .   E - +18 shield of the Gong {rElec rN+ MR+ EV-5}
rNeg     + + .     Faith    .   b - +15 Maxwell's patent armour {-Cast -Tele rElec MR+ rCorr}
rPois    ∞         Spirit   .   (no helmet)
rElec    +         Reflect  .   (no cloak)
rCorr    +         Harm     .   (no gloves)
MR       ++...     NoTele   +   (no boots) Stlth ..........NoCast +
                                (no amulet)
HPRegen  0.19/turn              D - +6 ring of strength
MPRegen  0.09/turn              C - +6 ring of strength

@: berserking, very quick
A: negative energy resistance 1, electricity resistance, unbreathing,
petrification resistance, rot immunity, AC +4
a: Berserk, Trog's Hand, Renounce Religion


You were in the Dungeon.
You worshipped Trog.
Trog was pleased with you.
You were not hungry.

You visited 1 branch

Inventory:

Hand Weapons
 a - a +5 broad axe (weapon)
Armour
 b - the +15 Maxwell's patent armour (worn) {-Cast -Tele rElec MR+ rCorr}
   (You found it in the Dungeon)

   It insulates you from electricity.
   It affects your resistance to hostile enchantments.
   It prevents spellcasting.
   It prevents most forms of teleportation.
   It provides partial protection from all sources of acid and corrosion.
 E - the +18 shield of the Gong (worn) {rElec rN+ MR+ EV-5}
   (You found it in the Dungeon)

   It affects your evasion (-5).
   It insulates you from electricity.
   It protects you from negative energy.
   It affects your resistance to hostile enchantments.
Jewellery
 C - a +6 ring of strength (right hand)
 D - a +6 ring of strength (left hand)
Wands
 u - a wand of disintegration (7)
 v - a wand of iceblast (7)
 w - a wand of acid (7)
Scrolls
 i - 4 scrolls of blinking
 j - 7 scrolls of fog
 k - a scroll of holy word
 l - 5 scrolls of identify
 m - 5 scrolls of remove curse
 n - 2 scrolls of fear
Potions
 d - 10 potions of curing
 e - 10 potions of heal wounds
 f - 6 potions of haste
 h - 3 potions of berserk rage
 p - 2 potions of invisibility
 q - 4 potions of resistance
 r - a potion of experience
 s - 5 potions of agility
 t - 5 potions of might
Comestibles
 c - 7 rations


   Skills:
 + Level 7.2 Fighting
 + Level 5.9 Axes
 + Level 6.7 Armour
 + Level 5.0 Dodging


You had 4 spell levels left.
You didn't know any spells.
Your spell library was empty.

Dungeon Overview and Level Annotations

Branches:
Dungeon (1/1)

Altars:
Ashenzari
Cheibriados
Dithmenos
Elyvilon
Fedhas
Gozag
Hepliaklqana
Kikubaaqudgha
Makhleb
Nemelex Xobeh
Okawaru
Qazlal
Ru
Sif Muna
Trog
Uskayaw
Vehumet
Wu Jian
Xom
Yredelemnul
Zin
The Shining One
Beogh
Jiyva
Lugonu

Annotations:
D 1 transporter


Innate Abilities, Weirdness & Mutations

You are resistant to torment.
Your stone body is resilient. (AC +4)
You are immune to poison.
You resist negative energy. (rN+)
You are resistant to electric shocks. (rElec)
You can survive without breathing.
You are immune to petrification.
You are immune to rotting.


Message History

PANG!
You block the salamander's attack.
PTOANNNG!
You block the naga's attack.
SHROANNG!
The naga constricts you. The salamander hits you.
You are engulfed in flames!
* * * LOW HITPOINT WARNING * * *
You hit the naga.
You kill the naga!
Trog accepts your kill.
You can now call upon Trog for regeneration and magic resistance.
Your Fighting skill gained 2 levels and is now at level 7!
Your Axes skill increases to level 5!
Your Armour skill increases to level 6!
Your Dodging skill gained 2 levels and is now at level 5!
You have reached level 5!
Your shield and Maxwell's patent armour prevent you from hitting the fire bat.
You hit the salamander. The fire bat bites you.
* * * LOW HITPOINT WARNING * * *
You are engulfed in flames!
You die...

▓▓▓▓▓▓▓▓▓▓▓▓▓
▓.8©8.▓.8©8.▓
▓.")..▓.....▓
▓.....▓.[.).▓
▓.....▓.....▓
▓.N.|.▓..††.▓
▓..@..▓..©..▓
▓..©b.▓▓▓▓▓▓▓
▓▓▓▓▓▓▓


You could see a salamander shaped shifter and a fire bat.

Vanquished Creatures
  A naga (shapeshifter) (D)
  2 scorpions (D)
3 creatures vanquished.

Notes
Turn   | Place    | Note
-------+----------+-------------------------------------------
     0 | D        | Fang the Gargoyle Berserker began the quest for the Orb.
     0 | D        | Reached XP level 1. HP: 14/14 MP: 1/1
     6 | D        | Found a blossoming altar of Fedhas.
     7 | D        | Found the +6 Majin-Bo {vamp, Archmagi MP+6 Int+6}
     7 | D        | Found the +7 great mace "Firestarter" {inner flame, rF++}
     7 | D        | Found a transporter.
     7 | D        | Found a viscous altar of Jiyva.
     7 | D        | Found an ancient bone altar of Kikubaaqudgha.
     7 | D        | Found a hazy altar of Hepliaklqana.
     7 | D        | Found a corrupted altar of Lugonu.
     7 | D        | Found an opulent altar of Gozag.
     7 | D        | Found a burning altar of Makhleb.
    11 | D        | Found a stormy altar of Qazlal.
    11 | D        | Found an iron altar of Okawaru.
    11 | D        | Found a sacrificial altar of Ru.
    11 | D        | Found a sparkling altar of Nemelex Xobeh.
    11 | D        | Found a shimmering blue altar of Sif Muna.
    11 | D        | Found a bloodstained altar of Trog.
    18 | D        | Found the +9 heavy crossbow "Sniper" {velocity, Acc+∞ SInv}
    18 | D        | Found the +10 dark maul {crush}
    18 | D        | Found the +15 Maxwell's patent armour {-Cast -Tele rElec
                  | MR+ rCorr}
    18 | D        | Found the +18 shield of the Gong {rElec rN+ MR+ EV-5}
    18 | D        | Found the cursed +14 obsidian axe {chop, +Fly SInv *Curse}
    79 | D        | Entered arena 2.
    79 | D        | Noticed a scorpion
    79 | D        | Noticed a scorpion
    79 | D        | Found a transporter.
    81 | D        | Killed a scorpion
    81 | D        | Reached skill level 5 in Fighting
    81 | D        | Reached XP level 2. HP: 21/21 MP: 2/2
    81 | D        | Reached XP level 3. HP: 26/26 MP: 3/3
    84 | D        | Killed a scorpion
    84 | D        | Reached skill level 5 in Armour
    84 | D        | Reached XP level 4. HP: 32/32 MP: 4/4
   216 | D        | Entered arena 3.
   216 | D        | Noticed a fire bat
   216 | D        | Noticed a naga
   216 | D        | Found a transporter.
   219 | D        | Noticed an eye of draining
   219 | D        | a worm changed into an eye of draining
   220 | D        | Noticed a salamander
   220 | D        | an eye of draining changed into a salamander
   227 | D        | Killed a naga
   227 | D        | Reached ** piety under Trog
   227 | D        | Reached skill level 7 in Fighting
   227 | D        | Reached skill level 5 in Axes
   227 | D        | Reached skill level 5 in Dodging
   227 | D        | Reached XP level 5. HP: 3/38 MP: 5/5
   227 | D        | Slain by a fire bat (shapeshifter)

Levels and vault maps discovered:
D:        sprint_v [room_start, room_1, room_2, room_3, room_4, room_5, room_6,
          room_7, room_8, room_9, room_10, room_11, room_12, room_13, room_14,
          room_15, room_16, room_17, room_18, room_19, room_20, room_21,
          room_22, room_23, room_24, room_25, room_26, room_27]

Skill      XL: |  1  2  3  4 |
---------------+-------------+-----
Fighting       | 5 7 |  7.2
Axes           | 4 5 |  5.9
Armour         | 4 5 6 |  6.7
Dodging        | 3 5 |  5.0

Action                   |  1- 3 |  4- 6 || total
-------------------------+-------+-------++-------
Melee: Broad axe         |     4 |     9 ||    13
Invok: Berserk           |     1 |     1 ||     2
Armor: Plate armour      |       |     7 ||     7
Block: Shield            |     3 |    22 ||    25
